[ AOE2 MATCH · #467842518 ]
UnrankedPersians vs Slavs
[ REPLAY ANALYSIS · EXTRACTED FROM THE RECORDED GAME ]
Feudal
11:50
Castle
15:24
Imperial
30:43
| APM avg | 40.4 |
| APM peak | 83 |
| eAPM avg | 28.8 |
| Villagers / military | 136 / 506 |
Focus
⚔️ 46.7% · 🌾 53.3%
Scout Cavalry ×289 · Knight ×164 · Scorpion ×26 · Trade Cart ×26 · War Elephant ×22 · Fishing Ship ×17
Feudal
12:22
Castle
27:17
Imperial
39:19
| APM avg | 36.7 |
| APM peak | 71 |
| eAPM avg | 24.8 |
| Villagers / military | 205 / 84 |
Focus
⚔️ 17.2% · 🌾 82.8%
Hussite Wagon ×84 · Trade Cart ×5
Feudal
11:29
Castle
15:48
Imperial
31:07
| APM avg | 44.0 |
| APM peak | 93 |
| eAPM avg | 25.6 |
| Villagers / military | 215 / 443 |
Focus
⚔️ 52.1% · 🌾 47.9%
Spearman ×377 · Mangonel ×48 · Battering Ram ×7 · Trebuchet (Packed) ×6 · Monk ×5 · Fishing Ship ×1
Feudal
11:43
Castle
17:59
Imperial
38:46
| APM avg | 45.5 |
| APM peak | 80 |
| eAPM avg | 34.6 |
| Villagers / military | 216 / 162 |
Focus
⚔️ 30.5% · 🌾 69.5%
Unknown (1944) ×328 · Scout Cavalry ×158 · Trade Cart ×47 · Fishing Ship ×15 · Unknown (1942) ×12 · Mangonel ×2
Feudal
9:33
Castle
29:21
Imperial
38:14
| APM avg | 37.5 |
| APM peak | 82 |
| eAPM avg | 24.5 |
| Villagers / military | 127 / 346 |
Focus
⚔️ 50.4% · 🌾 49.6%
Spearman ×216 · Archer ×102 · Battering Ram ×22 · Fishing Ship ×11 · Trade Cart ×6 · Militia ×4
Feudal
13:09
Castle
17:04
Imperial
44:05
| APM avg | 22.4 |
| APM peak | 65 |
| eAPM avg | 13.6 |
| Villagers / military | 123 / 116 |
Focus
⚔️ 28.0% · 🌾 72.0%
Fire Lancer ×77 · Iron Pagoda ×20 · Fishing Ship ×17 · Monk ×14 · Battering Ram ×5 · Trade Cart ×3
Feudal
11:23
Castle
15:52
Imperial
32:48
| APM avg | 72.1 |
| APM peak | 128 |
| eAPM avg | 28.5 |
| Villagers / military | 208 / 245 |
Focus
⚔️ 39.0% · 🌾 61.0%
Archer ×214 · Bombard Cannon ×13 · Battering Ram ×10 · Trebuchet (Packed) ×8
Feudal
13:02
Castle
17:15
Imperial
32:04
| APM avg | 33.3 |
| APM peak | 65 |
| eAPM avg | 20.0 |
| Villagers / military | 184 / 325 |
Focus
⚔️ 28.8% · 🌾 71.2%
Knight ×308 · Fishing Ship ×12 · Monk ×9 · Trebuchet (Packed) ×6 · Fire Galley ×2
Match map
Initial resources + every placement click. Lines = walls · curves = elevation contours. ◆ gold · ⬟ stone · ● berries · ✦ relic · ◌ wall gap
Your base· ✓ Closed at 15:24 · 15t walls · no gate
Pobra's base· ✓ Closed at 27:17 · 42t walls · no gate
Branoc's base· Open — opponent sealed themselves in
Incitatusaoe's base· ✓ Closed at 17:59 · 18t walls · 1 gate(s)
PocaChota's base· ✓ Closed at 29:21 · 23t walls · 1 gate(s)
NeoBart's base· ✓ Closed at 17:04 · 43t walls · no gate
mryendl2410's base· Open — opponent sealed themselves in
piecardinap's base· ✓ Closed at 17:15 · 0t walls · no gate
Smoothed initial terrain · ◌ = detected wall gap · hover for details
Inputs per minute
— CeramicHunter - - Pobra
Build order — CeramicHunter
First 150 of 937 actions detected
| 0:00 | Create | Villager (Male) |
| 0:00 | Create | Villager (Male) |
| 0:01 | Create | Villager (Male) |
| 0:01 | Create | Villager (Male) |
| 0:02 | Build | House |
| 0:03 | Build | House |
| 0:07 | Create | Villager (Male) |
| 0:07 | Create | Villager (Male) |
| 1:33 | Create | Villager (Male) |
| 1:34 | Create | Villager (Male) |
| 1:55 | Build | House |
| 2:26 | Create | Villager (Male) |
| 2:26 | Create | Villager (Male) |
| 2:26 | Create | Villager (Male) |
| 2:30 | Build | Lumber Camp |
| 2:48 | Build | Palisade Wall |
| 2:58 | Create | Villager (Male) |
| 3:22 | Build | House |
| 3:28 | Create | Villager (Male) |
| 3:29 | Create | Villager (Male) |
| 3:52 | Build | House |
| 3:53 | Create | Villager (Male) |
| 3:53 | Create | Villager (Male) |
| 4:01 | Create | Villager (Male) |
| 4:33 | Create | Villager (Male) |
| 4:55 | Build | Dock |
| 5:10 | Create | Villager (Male) |
| 5:42 | Create | Fishing Ship |
| 5:44 | Create | Villager (Male) |
| 6:10 | Create | Villager (Male) |
| 6:31 | Create | Villager (Male) |
| 6:31 | Create | Villager (Male) |
| 6:35 | Create | Fishing Ship |
| 6:45 | Build | House |
| 6:47 | Build | House |
| 6:59 | Create | Villager (Male) |
| 7:00 | Create | Villager (Male) |
| 7:00 | Create | Villager (Male) |
| 7:00 | Create | Villager (Male) |
| 7:02 | Create | Fishing Ship |
| 7:24 | Build | Mill |
| 7:59 | Build | Mill |
| 8:01 | Create | Villager (Male) |
| 8:21 | Create | Villager (Male) |
| 8:21 | Create | Villager (Male) |
| 8:47 | Create | Villager (Male) |
| 9:00 | Create | Villager (Male) |
| 9:11 | Create | Villager (Male) |
| 9:41 | Research | Feudal Age |
| 9:51 | Build | Mining Camp |
| 11:06 | Create | Villager (Male) |
| 11:07 | Create | Villager (Male) |
| 11:15 | Build | Barracks |
| 11:48 | Create | Villager (Male) |
| 11:48 | Create | Villager (Male) |
| 11:50 | Age | Feudal Age |
| 11:59 | Build | Blacksmith |
| 12:10 | Build | Stable |
| 12:14 | Build | House |
| 12:27 | Build | Palisade Wall |
| 12:29 | Research | Double-Bit Axe |
| 12:50 | Research | Castle Age |
| 12:50 | Research | Castle Age |
| 12:55 | Build | Palisade Wall |
| 12:56 | Build | Palisade Wall |
| 13:08 | Research | Horse Collar |
| 13:14 | Research | Scale Barding Armor |
| 13:37 | Build | Mining Camp |
| 13:50 | Research | Bloodlines |
| 14:09 | Create | Villager (Male) |
| 14:10 | Create | Villager (Male) |
| 14:11 | Research | Gold Mining |
| 14:50 | Build | Farm |
| 14:52 | Build | Farm |
| 14:53 | Build | Farm |
| 15:24 | Age | Castle Age |
| 15:25 | Create | Knight |
| 15:34 | Research | Chain Barding Armor |
| 15:37 | Build | Farm |
| 15:38 | Build | Farm |
| 15:39 | Build | Farm |
| 15:44 | Build | Town Center |
| 15:54 | Create | Knight |
| 16:21 | Create | Knight |
| 16:31 | Create | Villager (Male) |
| 16:52 | Build | Fish Trap |
| 17:10 | Create | Villager (Male) |
| 17:11 | Build | Farm |
| 17:16 | Build | Fish Trap |
| 17:17 | Build | Fish Trap |
| 17:19 | Create | Villager (Male) |
| 17:19 | Create | Villager (Male) |
| 17:44 | Build | Farm |
| 17:45 | Build | Farm |
| 17:47 | Create | Villager (Male) |
| 17:47 | Create | Villager (Male) |
| 18:16 | Build | Farm |
| 18:19 | Build | House |
| 18:20 | Build | House |
| 18:24 | Create | Villager (Male) |
| 18:24 | Create | Villager (Male) |
| 18:40 | Create | Villager (Male) |
| 18:40 | Create | Villager (Male) |
| 19:03 | Create | Villager (Male) |
| 19:04 | Create | Villager (Male) |
| 19:14 | Build | Town Center |
| 19:20 | Create | Villager (Male) |
| 19:20 | Create | Villager (Male) |
| 19:36 | Build | House |
| 19:37 | Build | House |
| 19:58 | Create | Villager (Male) |
| 19:58 | Create | Villager (Male) |
| 20:05 | Build | Siege Workshop |
| 20:13 | Create | Villager (Male) |
| 20:14 | Create | Villager (Male) |
| 20:31 | Build | Monastery |
| 20:34 | Build | Farm |
| 20:35 | Create | Villager (Male) |
| 20:36 | Create | Villager (Male) |
| 20:38 | Create | Knight |
| 21:09 | Create | Villager (Male) |
| 21:09 | Create | Villager (Male) |
| 21:12 | Create | Knight |
| 21:12 | Create | Knight |
| 21:19 | Create | Mangonel |
| 21:23 | Create | Monk |
| 21:25 | Build | Farm |
| 21:41 | Create | Knight |
| 22:10 | Create | Knight |
| 22:19 | Create | Knight |
| 22:20 | Create | Knight |
| 22:31 | Create | Mangonel |
| 22:37 | Create | Monk |
| 22:38 | Create | Villager (Male) |
| 22:38 | Create | Villager (Male) |
| 22:38 | Create | Villager (Male) |
| 22:39 | Create | Villager (Male) |
| 22:44 | Build | Lumber Camp |
| 22:48 | Build | Farm |
| 22:49 | Build | Farm |
| 22:49 | Build | Farm |
| 22:49 | Build | Farm |
| 22:49 | Build | Farm |
| 22:50 | Build | Farm |
| 23:01 | Create | Knight |
| 23:24 | Build | Castle |
| 23:28 | Create | Villager (Male) |
| 23:29 | Create | Villager (Male) |
| 23:29 | Create | Villager (Male) |
| 23:29 | Create | Villager (Male) |
Build order — Pobra
First 150 of 495 actions detected
| 0:01 | Create | Villager (Male) |
| 0:01 | Create | Villager (Male) |
| 0:02 | Create | Villager (Male) |
| 0:02 | Build | House |
| 0:03 | Build | House |
| 0:36 | Research | Loom |
| 0:36 | Research | Loom |
| 0:58 | Build | Palisade Wall |
| 1:05 | Create | Villager (Male) |
| 1:06 | Create | Villager (Male) |
| 1:06 | Create | Villager (Male) |
| 1:41 | Create | Villager (Male) |
| 1:41 | Create | Villager (Male) |
| 2:18 | Build | Lumber Camp |
| 2:27 | Create | Villager (Male) |
| 2:28 | Create | Villager (Male) |
| 2:39 | Create | Villager (Male) |
| 2:39 | Create | Villager (Male) |
| 3:04 | Create | Villager (Male) |
| 3:04 | Create | Villager (Male) |
| 3:26 | Create | Villager (Male) |
| 3:26 | Create | Villager (Male) |
| 3:56 | Build | House |
| 4:01 | Create | Villager (Male) |
| 4:02 | Create | Villager (Male) |
| 4:29 | Create | Villager (Male) |
| 4:29 | Create | Villager (Male) |
| 4:39 | Create | Villager (Male) |
| 4:39 | Create | Villager (Male) |
| 5:08 | Create | Villager (Male) |
| 5:08 | Create | Villager (Male) |
| 5:08 | Create | Villager (Male) |
| 5:08 | Create | Villager (Male) |
| 5:29 | Build | Mill |
| 5:40 | Create | Villager (Male) |
| 5:40 | Create | Villager (Male) |
| 6:08 | Build | House |
| 6:36 | Create | Villager (Male) |
| 6:36 | Create | Villager (Male) |
| 6:37 | Create | Villager (Male) |
| 6:38 | Create | Villager (Male) |
| 6:38 | Create | Villager (Male) |
| 6:54 | Create | Villager (Male) |
| 7:13 | Create | Villager (Male) |
| 8:04 | Create | Villager (Male) |
| 8:15 | Build | Mining Camp |
| 8:25 | Create | Villager (Male) |
| 8:52 | Build | Mining Camp |
| 9:15 | Build | House |
| 9:39 | Build | House |
| 9:48 | Build | House |
| 9:49 | Create | Villager (Male) |
| 10:04 | Create | Villager (Male) |
| 10:10 | Research | Feudal Age |
| 10:11 | Research | Feudal Age |
| 10:26 | Create | Villager (Male) |
| 10:52 | Build | Palisade Wall |
| 11:02 | Build | House |
| 11:07 | Create | Villager (Male) |
| 11:24 | Build | House |
| 11:32 | Create | Villager (Male) |
| 11:43 | Create | Villager (Male) |
| 12:19 | Create | Villager (Male) |
| 12:22 | Age | Feudal Age |
| 12:44 | Create | Villager (Male) |
| 12:59 | Create | Villager (Male) |
| 13:06 | Build | Stone Wall |
| 13:11 | Create | Villager (Male) |
| 13:26 | Build | Farm |
| 13:27 | Build | Farm |
| 13:27 | Build | Farm |
| 13:27 | Build | Farm |
| 13:27 | Build | Farm |
| 13:52 | Build | House |
| 14:04 | Create | Villager (Male) |
| 14:22 | Build | Stone Wall |
| 14:41 | Build | Stone Wall |
| 14:51 | Create | Villager (Male) |
| 14:53 | Build | Farm |
| 14:56 | Build | Farm |
| 15:10 | Build | Watch Tower |
| 15:26 | Create | Villager (Male) |
| 16:17 | Create | Villager (Male) |
| 16:45 | Build | Watch Tower |
| 16:56 | Create | Villager (Male) |
| 17:13 | Create | Villager (Male) |
| 17:39 | Build | Stone Wall |
| 17:41 | Create | Villager (Male) |
| 18:06 | Create | Villager (Male) |
| 18:21 | Create | Villager (Male) |
| 18:37 | Build | Lumber Camp |
| 18:44 | Create | Villager (Male) |
| 19:34 | Build | House |
| 19:35 | Build | House |
| 19:52 | Create | Villager (Male) |
| 20:19 | Build | Mining Camp |
| 20:23 | Create | Villager (Male) |
| 20:27 | Build | House |
| 20:30 | Build | House |
| 20:36 | Build | House |
| 20:39 | Create | Villager (Male) |
| 20:42 | Build | House |
| 20:53 | Create | Villager (Male) |
| 21:23 | Create | Villager (Male) |
| 22:09 | Create | Villager (Male) |
| 22:16 | Create | Villager (Male) |
| 23:16 | Build | Market |
| 23:28 | Create | Villager (Male) |
| 23:29 | Create | Villager (Male) |
| 24:03 | Build | Blacksmith |
| 24:19 | Build | Stone Wall |
| 24:20 | Build | Farm |
| 24:20 | Build | Farm |
| 24:20 | Build | Farm |
| 24:20 | Build | Farm |
| 24:37 | Research | Castle Age |
| 24:37 | Research | Castle Age |
| 24:44 | Build | Watch Tower |
| 24:50 | Create | Villager (Male) |
| 24:54 | Build | Farm |
| 24:54 | Build | Farm |
| 25:03 | Build | House |
| 25:11 | Build | House |
| 25:53 | Create | Villager (Male) |
| 26:06 | Create | Villager (Male) |
| 26:55 | Build | Stone Wall |
| 27:17 | Age | Castle Age |
| 27:22 | Build | Castle |
| 27:36 | Create | Villager (Male) |
| 27:52 | Build | Town Center |
| 28:00 | Build | Town Center |
| 28:04 | Create | Villager (Male) |
| 28:49 | Build | Farm |
| 29:00 | Research | Double-Bit Axe |
| 29:00 | Research | Double-Bit Axe |
| 29:07 | Build | Farm |
| 29:07 | Build | Farm |
| 29:07 | Build | Farm |
| 29:07 | Build | Farm |
| 29:08 | Build | Farm |
| 29:10 | Create | Villager (Male) |
| 29:30 | Create | Villager (Male) |
| 29:34 | Build | Farm |
| 29:47 | Build | Farm |
| 29:47 | Build | Farm |
| 29:49 | Create | Villager (Male) |
| 29:56 | Create | Villager (Male) |
| 29:56 | Create | Villager (Male) |
| 29:57 | Create | Villager (Male) |
| 30:00 | Build | Farm |
Build order — Branoc
First 150 of 860 actions detected
| 0:01 | Create | Villager (Male) |
| 0:01 | Create | Villager (Male) |
| 0:02 | Create | Villager (Male) |
| 0:02 | Create | Villager (Male) |
| 0:02 | Create | Villager (Male) |
| 0:02 | Create | Villager (Male) |
| 0:04 | Build | House |
| 0:28 | Build | House |
| 1:31 | Create | Villager (Male) |
| 1:31 | Create | Villager (Male) |
| 2:02 | Create | Villager (Male) |
| 2:03 | Create | Villager (Male) |
| 2:25 | Build | Lumber Camp |
| 2:32 | Create | Villager (Male) |
| 2:32 | Create | Villager (Male) |
| 3:00 | Research | Loom |
| 3:00 | Research | Loom |
| 3:11 | Create | Villager (Male) |
| 3:11 | Create | Villager (Male) |
| 3:28 | Create | Villager (Male) |
| 3:28 | Create | Villager (Male) |
| 3:54 | Build | House |
| 3:55 | Create | Villager (Male) |
| 3:56 | Create | Villager (Male) |
| 4:37 | Create | Villager (Male) |
| 4:38 | Create | Villager (Male) |
| 4:51 | Create | Villager (Male) |
| 5:04 | Build | Dock |
| 5:18 | Create | Villager (Male) |
| 5:18 | Create | Villager (Male) |
| 5:35 | Build | House |
| 5:44 | Build | Palisade Wall |
| 5:48 | Build | Palisade Gate |
| 5:53 | Create | Villager (Male) |
| 5:54 | Create | Villager (Male) |
| 5:54 | Create | Villager (Male) |
| 6:01 | Build | House |
| 6:41 | Create | Villager (Male) |
| 6:42 | Create | Villager (Male) |
| 7:14 | Create | Villager (Male) |
| 7:14 | Create | Villager (Male) |
| 7:29 | Create | Villager (Male) |
| 7:29 | Create | Villager (Male) |
| 7:44 | Build | House |
| 8:36 | Build | Palisade Wall |
| 8:40 | Build | Mining Camp |
| 8:43 | Create | Villager (Male) |
| 9:18 | Research | Feudal Age |
| 9:18 | Research | Feudal Age |
| 10:06 | Build | Palisade Wall |
| 10:30 | Build | Mill |
| 11:21 | Build | Palisade Wall |
| 11:29 | Age | Feudal Age |
| 11:50 | Build | Market |
| 11:59 | Build | Blacksmith |
| 12:00 | Create | Villager (Male) |
| 12:00 | Create | Villager (Male) |
| 12:28 | Build | Stone Wall |
| 12:29 | Build | Stone Wall |
| 12:32 | Build | Stone Wall |
| 13:08 | Research | Castle Age |
| 13:08 | Research | Castle Age |
| 13:49 | Research | Double-Bit Axe |
| 13:51 | Create | Fishing Ship |
| 13:57 | Build | Stone Wall |
| 14:00 | Build | Stone Wall |
| 15:20 | Build | House |
| 15:48 | Age | Castle Age |
| 15:49 | Create | Villager (Male) |
| 15:49 | Create | Villager (Male) |
| 15:49 | Create | Villager (Male) |
| 15:55 | Build | Siege Workshop |
| 16:03 | Build | Town Center |
| 16:27 | Create | Mangonel |
| 16:42 | Create | Villager (Male) |
| 17:02 | Build | Monastery |
| 17:08 | Create | Villager (Male) |
| 17:21 | Create | Mangonel |
| 17:24 | Create | Villager (Male) |
| 17:46 | Create | Monk |
| 17:48 | Create | Villager (Male) |
| 17:49 | Create | Villager (Male) |
| 17:49 | Create | Villager (Male) |
| 17:49 | Create | Villager (Male) |
| 18:15 | Create | Villager (Male) |
| 18:24 | Create | Villager (Male) |
| 18:28 | Build | Farm |
| 18:31 | Build | Farm |
| 18:36 | Create | Mangonel |
| 18:48 | Build | House |
| 18:49 | Create | Villager (Male) |
| 18:50 | Create | Villager (Male) |
| 18:53 | Build | Farm |
| 19:01 | Build | Farm |
| 19:02 | Create | Villager (Male) |
| 19:18 | Create | Monk |
| 19:20 | Create | Villager (Male) |
| 19:22 | Build | Farm |
| 19:25 | Build | Farm |
| 19:33 | Build | Farm |
| 19:56 | Research | Horse Collar |
| 20:00 | Build | Farm |
| 20:00 | Build | Farm |
| 20:05 | Build | House |
| 20:16 | Create | Villager (Male) |
| 20:17 | Create | Villager (Male) |
| 20:19 | Build | Farm |
| 20:26 | Build | Farm |
| 20:47 | Create | Monk |
| 20:49 | Create | Villager (Male) |
| 20:49 | Create | Villager (Male) |
| 20:51 | Build | Farm |
| 20:52 | Build | Farm |
| 20:54 | Create | Villager (Male) |
| 20:54 | Create | Villager (Male) |
| 21:18 | Create | Villager (Male) |
| 21:18 | Create | Villager (Male) |
| 21:25 | Build | Town Center |
| 22:28 | Create | Villager (Male) |
| 22:28 | Create | Villager (Male) |
| 22:28 | Create | Villager (Male) |
| 22:28 | Create | Villager (Male) |
| 22:34 | Build | Town Center |
| 22:38 | Create | Villager (Male) |
| 22:38 | Create | Villager (Male) |
| 22:38 | Create | Villager (Male) |
| 22:40 | Build | Farm |
| 22:41 | Build | Farm |
| 22:42 | Create | Villager (Male) |
| 22:42 | Create | Villager (Male) |
| 22:42 | Create | Villager (Male) |
| 23:02 | Create | Monk |
| 23:10 | Create | Villager (Male) |
| 23:11 | Create | Villager (Male) |
| 23:11 | Create | Villager (Male) |
| 23:15 | Build | House |
| 23:16 | Build | House |
| 23:16 | Build | House |
| 23:22 | Build | Farm |
| 23:23 | Create | Villager (Male) |
| 23:23 | Create | Villager (Male) |
| 23:25 | Build | Farm |
| 23:47 | Create | Villager (Male) |
| 23:47 | Create | Villager (Male) |
| 23:48 | Create | Villager (Male) |
| 23:50 | Build | Farm |
| 23:51 | Build | Farm |
| 23:54 | Create | Villager (Male) |
| 23:54 | Create | Villager (Male) |
| 24:05 | Build | Farm |
Build order — Incitatusaoe
First 150 of 845 actions detected
| 0:16 | Create | Villager (Male) |
| 0:16 | Create | Villager (Male) |
| 0:16 | Create | Villager (Male) |
| 0:18 | Build | House |
| 0:19 | Build | House |
| 0:34 | Create | Villager (Male) |
| 0:34 | Create | Villager (Male) |
| 1:34 | Research | Loom |
| 1:46 | Create | Villager (Male) |
| 2:22 | Create | Villager (Male) |
| 2:22 | Create | Villager (Male) |
| 2:46 | Create | Villager (Male) |
| 2:52 | Build | Lumber Camp |
| 2:56 | Build | Lumber Camp |
| 3:24 | Build | Palisade Wall |
| 3:25 | Create | Villager (Male) |
| 3:25 | Create | Villager (Male) |
| 3:25 | Create | Villager (Male) |
| 3:57 | Create | Villager (Male) |
| 4:07 | Build | House |
| 4:18 | Create | Villager (Male) |
| 4:19 | Create | Villager (Male) |
| 4:38 | Build | House |
| 5:01 | Create | Villager (Male) |
| 5:37 | Create | Villager (Male) |
| 5:58 | Create | Villager (Male) |
| 6:05 | Build | Dock |
| 6:24 | Create | Villager (Male) |
| 6:25 | Create | Villager (Male) |
| 6:40 | Create | Villager (Male) |
| 6:54 | Create | Fishing Ship |
| 7:12 | Create | Villager (Male) |
| 7:12 | Create | Villager (Male) |
| 7:13 | Create | Villager (Male) |
| 7:13 | Create | Villager (Male) |
| 7:40 | Create | Villager (Male) |
| 7:40 | Create | Villager (Male) |
| 7:42 | Create | Fishing Ship |
| 7:43 | Create | Fishing Ship |
| 7:54 | Build | House |
| 7:58 | Build | House |
| 8:27 | Build | House |
| 8:43 | Create | Fishing Ship |
| 9:01 | Create | Fishing Ship |
| 9:04 | Create | Villager (Male) |
| 9:33 | Research | Feudal Age |
| 9:34 | Research | Feudal Age |
| 9:51 | Build | Mill |
| 10:39 | Create | Fishing Ship |
| 11:11 | Build | House |
| 11:35 | Create | Villager (Male) |
| 11:43 | Age | Feudal Age |
| 11:46 | Build | Market |
| 11:51 | Build | Blacksmith |
| 11:56 | Research | Double-Bit Axe |
| 11:58 | Research | Horse Collar |
| 12:14 | Create | Villager (Male) |
| 12:21 | Create | Fishing Ship |
| 12:33 | Build | Gate |
| 12:35 | Build | Stone Wall |
| 12:41 | Create | Villager (Male) |
| 12:48 | Create | Fishing Ship |
| 13:05 | Create | Fishing Ship |
| 13:09 | Build | Fish Trap |
| 13:12 | Create | Fishing Ship |
| 13:23 | Create | Villager (Male) |
| 13:49 | Build | Fish Trap |
| 13:52 | Research | Tech 906 |
| 13:54 | Create | Villager (Male) |
| 14:05 | Build | House |
| 14:21 | Create | Villager (Male) |
| 14:29 | Build | Fish Trap |
| 15:11 | Create | Villager (Male) |
| 15:19 | Research | Castle Age |
| 15:30 | Build | Barracks |
| 15:33 | Build | Palisade Wall |
| 15:59 | Build | Fish Trap |
| 16:06 | Build | Fish Trap |
| 16:08 | Build | Fish Trap |
| 16:12 | Build | Fish Trap |
| 16:18 | Create | Villager (Male) |
| 16:45 | Build | Stone Wall |
| 16:49 | Build | Mining Camp |
| 16:57 | Build | House |
| 17:14 | Create | Spearman |
| 17:24 | Research | Gold Mining |
| 17:59 | Age | Castle Age |
| 18:08 | Research | Bow Saw |
| 18:19 | Build | Town Center |
| 18:23 | Research | Gillnets |
| 18:24 | Create | Fishing Ship |
| 18:32 | Research | Wheelbarrow |
| 18:35 | Build | House |
| 18:37 | Build | House |
| 18:50 | Create | Villager (Male) |
| 19:05 | Build | Stone Wall |
| 19:18 | Build | Gate |
| 19:19 | Build | Gate |
| 19:20 | Build | Stone Wall |
| 19:29 | Build | Town Center |
| 19:33 | Create | Villager (Male) |
| 19:40 | Create | Fishing Ship |
| 19:47 | Build | Fish Trap |
| 19:51 | Create | Villager (Male) |
| 19:56 | Create | Villager (Male) |
| 20:10 | Create | Villager (Male) |
| 20:15 | Research | Heavy Plow |
| 20:18 | Build | Farm |
| 20:21 | Build | Farm |
| 20:22 | Build | Farm |
| 20:25 | Build | Farm |
| 20:27 | Build | Farm |
| 20:28 | Create | Villager (Male) |
| 20:31 | Build | Farm |
| 20:34 | Create | Villager (Male) |
| 20:43 | Build | Fish Trap |
| 20:45 | Create | Fishing Ship |
| 20:48 | Build | Farm |
| 20:50 | Build | Farm |
| 20:55 | Create | Villager (Male) |
| 20:59 | Create | Villager (Male) |
| 21:01 | Build | Farm |
| 21:02 | Build | Farm |
| 21:04 | Create | Villager (Male) |
| 21:11 | Build | House |
| 21:12 | Build | House |
| 21:13 | Build | House |
| 21:14 | Create | Villager (Male) |
| 21:20 | Build | House |
| 21:28 | Build | Farm |
| 21:29 | Create | Villager (Male) |
| 21:38 | Build | Fish Trap |
| 21:40 | Create | Fishing Ship |
| 21:41 | Create | Villager (Male) |
| 21:41 | Create | Villager (Male) |
| 21:47 | Build | House |
| 21:47 | Build | House |
| 21:48 | Build | House |
| 21:49 | Create | Villager (Male) |
| 21:55 | Create | Villager (Male) |
| 21:56 | Create | Villager (Male) |
| 22:08 | Create | Villager (Male) |
| 22:09 | Build | Farm |
| 22:10 | Build | Farm |
| 22:10 | Build | Farm |
| 22:12 | Build | Farm |
| 22:15 | Build | Farm |
| 22:16 | Build | Farm |
| 22:17 | Build | Farm |
| 22:17 | Create | Villager (Male) |
Build order — PocaChota
First 150 of 726 actions detected
| 0:04 | Create | Villager (Male) |
| 0:05 | Create | Villager (Male) |
| 0:05 | Create | Villager (Male) |
| 0:06 | Build | House |
| 0:09 | Build | House |
| 0:21 | Create | Villager (Male) |
| 0:22 | Create | Villager (Male) |
| 1:34 | Create | Villager (Male) |
| 1:35 | Create | Villager (Male) |
| 1:39 | Build | Lumber Camp |
| 1:50 | Create | Villager (Male) |
| 1:50 | Create | Villager (Male) |
| 2:22 | Create | Villager (Male) |
| 2:22 | Create | Villager (Male) |
| 2:40 | Create | Villager (Male) |
| 2:40 | Create | Villager (Male) |
| 2:53 | Create | Villager (Male) |
| 3:18 | Create | Villager (Male) |
| 3:30 | Build | House |
| 3:43 | Create | Villager (Male) |
| 3:43 | Create | Villager (Male) |
| 4:04 | Build | House |
| 4:08 | Create | Villager (Male) |
| 4:34 | Create | Villager (Male) |
| 5:11 | Create | Villager (Male) |
| 5:23 | Build | Palisade Wall |
| 5:25 | Build | Palisade Wall |
| 5:28 | Build | Palisade Wall |
| 5:34 | Create | Villager (Male) |
| 5:35 | Create | Villager (Male) |
| 5:58 | Build | Mining Camp |
| 6:08 | Build | Mining Camp |
| 6:18 | Create | Villager (Male) |
| 6:31 | Create | Villager (Male) |
| 6:47 | Research | Loom |
| 6:47 | Research | Loom |
| 7:23 | Research | Feudal Age |
| 7:24 | Research | Feudal Age |
| 7:41 | Build | Barracks |
| 8:14 | Build | House |
| 8:29 | Create | Militia |
| 8:29 | Create | Militia |
| 8:29 | Create | Militia |
| 8:52 | Build | Mining Camp |
| 9:33 | Age | Feudal Age |
| 9:46 | Research | Man-at-Arms (upgrade) |
| 9:46 | Research | Double-Bit Axe |
| 9:47 | Research | Double-Bit Axe |
| 10:04 | Create | Villager (Male) |
| 10:21 | Build | Watch Tower |
| 10:28 | Create | Villager (Male) |
| 10:34 | Build | Mill |
| 10:40 | Build | Mill |
| 10:46 | Create | Militia |
| 10:50 | Create | Villager (Male) |
| 11:50 | Build | Archery Range |
| 11:54 | Build | Stone Wall |
| 11:54 | Build | Stone Wall |
| 11:57 | Create | Villager (Male) |
| 12:55 | Create | Villager (Male) |
| 13:01 | Build | Lumber Camp |
| 13:04 | Create | Archer |
| 13:07 | Build | Stone Wall |
| 13:59 | Create | Archer |
| 14:00 | Create | Villager (Male) |
| 14:18 | Build | Blacksmith |
| 14:24 | Create | Archer |
| 14:25 | Create | Villager (Male) |
| 15:04 | Create | Archer |
| 15:10 | Build | Watch Tower |
| 15:44 | Research | Fletching |
| 15:44 | Research | Fletching |
| 15:44 | Create | Archer |
| 15:46 | Create | Villager (Male) |
| 16:36 | Create | Archer |
| 16:51 | Build | Watch Tower |
| 16:58 | Build | Stone Wall |
| 17:01 | Build | Stone Wall |
| 17:03 | Build | Stone Wall |
| 17:07 | Build | Stone Wall |
| 17:22 | Create | Archer |
| 17:23 | Create | Villager (Male) |
| 17:26 | Build | Farm |
| 17:27 | Build | Farm |
| 17:28 | Build | Farm |
| 17:28 | Build | Farm |
| 17:38 | Build | Dock |
| 17:40 | Create | Villager (Male) |
| 17:58 | Build | Lumber Camp |
| 17:58 | Build | Lumber Camp |
| 18:20 | Create | Archer |
| 18:21 | Create | Villager (Male) |
| 18:28 | Research | Tech 906 |
| 18:29 | Create | Fishing Ship |
| 18:35 | Build | Farm |
| 18:40 | Create | Villager (Male) |
| 19:22 | Build | Gate |
| 19:52 | Create | Villager (Male) |
| 19:53 | Create | Archer |
| 19:55 | Create | Villager (Male) |
| 20:04 | Research | Wheelbarrow |
| 20:06 | Build | House |
| 20:07 | Build | House |
| 20:14 | Build | Farm |
| 20:36 | Create | Villager (Male) |
| 20:37 | Create | Archer |
| 20:40 | Create | Spearman |
| 21:22 | Create | Archer |
| 21:24 | Create | Spearman |
| 21:25 | Create | Villager (Male) |
| 21:28 | Create | Fishing Ship |
| 21:28 | Create | Fishing Ship |
| 22:33 | Create | Archer |
| 22:33 | Create | Archer |
| 22:34 | Create | Villager (Male) |
| 22:41 | Build | Farm |
| 22:43 | Build | Farm |
| 22:43 | Build | Farm |
| 22:45 | Build | Farm |
| 22:45 | Build | Farm |
| 22:53 | Create | Archer |
| 23:00 | Create | Villager (Male) |
| 23:01 | Create | Spearman |
| 23:09 | Build | House |
| 23:10 | Build | House |
| 23:17 | Create | Archer |
| 23:19 | Create | Spearman |
| 23:20 | Create | Fishing Ship |
| 23:21 | Create | Fishing Ship |
| 23:21 | Create | Fishing Ship |
| 23:23 | Build | Fish Trap |
| 23:27 | Build | Fish Trap |
| 23:30 | Build | Fish Trap |
| 23:50 | Build | Fish Trap |
| 23:53 | Create | Fishing Ship |
| 23:57 | Create | Archer |
| 24:02 | Create | Villager (Male) |
| 24:25 | Create | Archer |
| 24:31 | Create | Fire Galley |
| 24:33 | Build | Fish Trap |
| 24:46 | Create | Archer |
| 24:57 | Create | Villager (Male) |
| 25:07 | Build | Fish Trap |
| 25:22 | Create | Archer |
| 25:23 | Create | Villager (Male) |
| 25:53 | Build | Fish Trap |
| 26:13 | Build | House |
| 26:13 | Build | House |
| 26:41 | Research | Castle Age |
| 26:50 | Build | House |
Build order — NeoBart
First 150 of 346 actions detected
| 0:02 | Create | Villager (Male) |
| 0:02 | Create | Villager (Male) |
| 0:02 | Create | Villager (Male) |
| 0:05 | Build | House |
| 0:06 | Build | House |
| 0:33 | Create | Villager (Male) |
| 0:33 | Create | Villager (Male) |
| 0:44 | Research | Loom |
| 0:53 | Build | Palisade Wall |
| 1:04 | Build | Palisade Wall |
| 1:09 | Create | Villager (Male) |
| 1:09 | Create | Villager (Male) |
| 2:10 | Build | Palisade Wall |
| 2:16 | Create | Villager (Male) |
| 2:16 | Create | Villager (Male) |
| 2:25 | Build | Palisade Wall |
| 2:39 | Create | Villager (Male) |
| 3:12 | Create | Villager (Male) |
| 3:36 | Create | Villager (Male) |
| 4:16 | Create | Villager (Male) |
| 4:34 | Create | Villager (Male) |
| 5:06 | Build | Lumber Camp |
| 5:19 | Create | Villager (Male) |
| 5:19 | Create | Villager (Male) |
| 5:42 | Create | Villager (Male) |
| 5:42 | Create | Villager (Male) |
| 5:42 | Create | Villager (Male) |
| 5:50 | Build | House |
| 6:39 | Create | Villager (Male) |
| 6:39 | Create | Villager (Male) |
| 7:02 | Create | Villager (Male) |
| 7:19 | Create | Villager (Male) |
| 7:20 | Create | Villager (Male) |
| 7:33 | Build | Mill |
| 8:27 | Build | House |
| 8:29 | Build | House |
| 9:13 | Create | Villager (Male) |
| 9:13 | Create | Villager (Male) |
| 9:43 | Build | Lumber Camp |
| 9:45 | Create | Villager (Male) |
| 9:45 | Create | Villager (Male) |
| 10:26 | Build | House |
| 10:59 | Research | Feudal Age |
| 11:27 | Build | Mining Camp |
| 11:47 | Create | Villager (Male) |
| 11:47 | Create | Villager (Male) |
| 13:09 | Age | Feudal Age |
| 13:10 | Build | Market |
| 13:20 | Build | Blacksmith |
| 13:27 | Research | Double-Bit Axe |
| 14:24 | Research | Castle Age |
| 14:33 | Build | Mill |
| 14:46 | Build | Dock |
| 15:15 | Research | Horse Collar |
| 15:48 | Create | Fishing Ship |
| 15:49 | Create | Fishing Ship |
| 15:49 | Create | Fishing Ship |
| 16:09 | Research | Tech 906 |
| 16:20 | Create | Villager (Male) |
| 16:20 | Create | Villager (Male) |
| 16:40 | Build | Fish Trap |
| 16:53 | Build | Dock |
| 17:04 | Age | Castle Age |
| 17:10 | Build | Dock |
| 17:41 | Build | Town Center |
| 17:46 | Create | Villager (Male) |
| 17:47 | Create | Villager (Male) |
| 18:06 | Research | Bow Saw |
| 18:27 | Create | Villager (Male) |
| 18:33 | Create | Fishing Ship |
| 18:40 | Create | Fishing Ship |
| 18:53 | Build | House |
| 18:55 | Build | House |
| 19:32 | Build | Fish Trap |
| 19:35 | Create | Villager (Male) |
| 19:38 | Build | Farm |
| 19:39 | Create | Villager (Male) |
| 19:40 | Create | Villager (Male) |
| 19:54 | Build | Stone Wall |
| 20:02 | Build | Gate |
| 20:13 | Build | Siege Workshop |
| 20:22 | Build | Stone Wall |
| 20:31 | Build | Stone Wall |
| 20:38 | Build | Stone Wall |
| 20:45 | Create | Villager (Male) |
| 20:45 | Create | Villager (Male) |
| 20:45 | Create | Villager (Male) |
| 20:57 | Build | Town Center |
| 20:59 | Create | Villager (Male) |
| 21:00 | Create | Iron Pagoda |
| 21:25 | Build | Siege Workshop |
| 21:28 | Create | Villager (Male) |
| 21:42 | Create | Villager (Male) |
| 22:09 | Build | Watch Tower |
| 22:13 | Create | Villager (Male) |
| 22:16 | Build | Monastery |
| 22:17 | Create | Villager (Male) |
| 22:17 | Create | Villager (Male) |
| 22:18 | Create | Villager (Male) |
| 22:18 | Create | Villager (Male) |
| 22:24 | Build | Mining Camp |
| 22:42 | Build | Farm |
| 22:43 | Create | Villager (Male) |
| 22:52 | Create | Villager (Male) |
| 23:00 | Create | Iron Pagoda |
| 23:00 | Create | Iron Pagoda |
| 23:15 | Create | Villager (Male) |
| 23:18 | Create | Monk |
| 23:38 | Create | Monk |
| 23:57 | Create | Monk |
| 24:42 | Create | Villager (Male) |
| 24:42 | Create | Villager (Male) |
| 24:43 | Create | Villager (Male) |
| 25:04 | Create | Iron Pagoda |
| 25:22 | Create | Fishing Ship |
| 25:23 | Create | Fishing Ship |
| 25:40 | Build | Town Center |
| 25:52 | Build | Farm |
| 26:35 | Build | Stone Wall |
| 26:45 | Create | Fishing Ship |
| 26:46 | Create | Fishing Ship |
| 26:46 | Create | Fishing Ship |
| 26:55 | Create | Monk |
| 27:09 | Build | Stone Wall |
| 27:37 | Create | Villager (Male) |
| 27:39 | Build | Fish Trap |
| 27:54 | Create | Villager (Male) |
| 27:54 | Create | Villager (Male) |
| 28:15 | Build | Fish Trap |
| 28:36 | Create | Villager (Male) |
| 28:36 | Create | Villager (Male) |
| 28:36 | Create | Villager (Male) |
| 28:39 | Create | Monk |
| 28:40 | Create | Monk |
| 28:58 | Create | Villager (Male) |
| 28:58 | Create | Villager (Male) |
| 29:09 | Build | Gate |
| 29:17 | Create | Villager (Male) |
| 29:17 | Create | Villager (Male) |
| 29:25 | Build | Farm |
| 29:26 | Build | Farm |
| 30:11 | Create | Monk |
| 30:12 | Create | Villager (Male) |
| 30:13 | Create | Villager (Male) |
| 30:19 | Build | Barracks |
| 30:21 | Build | Barracks |
| 30:23 | Create | Villager (Male) |
| 30:39 | Create | Monk |
| 30:39 | Create | Monk |
| 30:40 | Create | Villager (Male) |
Build order — mryendl2410
First 150 of 632 actions detected
| 0:01 | Create | Villager (Male) |
| 0:02 | Create | Villager (Male) |
| 0:02 | Create | Villager (Male) |
| 0:02 | Create | Villager (Male) |
| 0:03 | Build | House |
| 0:04 | Build | House |
| 1:25 | Create | Villager (Male) |
| 1:25 | Create | Villager (Male) |
| 1:25 | Create | Villager (Male) |
| 2:03 | Create | Villager (Male) |
| 2:03 | Create | Villager (Male) |
| 2:04 | Create | Villager (Male) |
| 2:05 | Build | Lumber Camp |
| 2:22 | Create | Villager (Male) |
| 2:22 | Create | Villager (Male) |
| 2:23 | Create | Villager (Male) |
| 2:48 | Create | Villager (Male) |
| 2:49 | Create | Villager (Male) |
| 2:49 | Create | Villager (Male) |
| 3:22 | Create | Villager (Male) |
| 3:22 | Create | Villager (Male) |
| 3:22 | Create | Villager (Male) |
| 3:34 | Create | Villager (Male) |
| 3:35 | Create | Villager (Male) |
| 3:35 | Create | Villager (Male) |
| 3:53 | Build | Palisade Wall |
| 3:59 | Build | House |
| 4:09 | Create | Villager (Male) |
| 4:10 | Create | Villager (Male) |
| 4:10 | Create | Villager (Male) |
| 4:10 | Create | Villager (Male) |
| 4:44 | Create | Villager (Male) |
| 4:44 | Create | Villager (Male) |
| 4:45 | Create | Villager (Male) |
| 4:45 | Create | Villager (Male) |
| 5:19 | Build | Mill |
| 5:37 | Build | House |
| 5:47 | Create | Villager (Male) |
| 5:47 | Create | Villager (Male) |
| 5:47 | Create | Villager (Male) |
| 5:50 | Create | Villager (Male) |
| 5:51 | Create | Villager (Male) |
| 5:51 | Create | Villager (Male) |
| 5:51 | Create | Villager (Male) |
| 5:51 | Create | Villager (Male) |
| 5:55 | Build | Palisade Wall |
| 5:56 | Build | Palisade Wall |
| 6:19 | Create | Villager (Male) |
| 6:19 | Create | Villager (Male) |
| 6:19 | Create | Villager (Male) |
| 6:25 | Create | Villager (Male) |
| 6:25 | Create | Villager (Male) |
| 6:25 | Create | Villager (Male) |
| 6:25 | Create | Villager (Male) |
| 7:15 | Create | Villager (Male) |
| 7:15 | Create | Villager (Male) |
| 7:16 | Create | Villager (Male) |
| 7:21 | Create | Villager (Male) |
| 7:21 | Create | Villager (Male) |
| 7:21 | Create | Villager (Male) |
| 7:43 | Create | Villager (Male) |
| 8:24 | Create | Villager (Male) |
| 8:25 | Create | Villager (Male) |
| 8:46 | Create | Villager (Male) |
| 8:46 | Create | Villager (Male) |
| 8:50 | Build | House |
| 9:05 | Build | Mining Camp |
| 9:13 | Research | Feudal Age |
| 9:13 | Research | Feudal Age |
| 9:13 | Research | Feudal Age |
| 10:53 | Build | Lumber Camp |
| 11:23 | Age | Feudal Age |
| 11:23 | Create | Villager (Male) |
| 11:24 | Create | Villager (Male) |
| 11:24 | Create | Villager (Male) |
| 11:29 | Build | Market |
| 11:34 | Build | Blacksmith |
| 11:51 | Build | Farm |
| 11:52 | Build | Farm |
| 12:42 | Research | Loom |
| 12:42 | Research | Loom |
| 12:48 | Build | House |
| 12:49 | Build | House |
| 12:51 | Build | Palisade Wall |
| 13:01 | Create | Villager (Male) |
| 13:01 | Create | Villager (Male) |
| 13:12 | Research | Castle Age |
| 13:12 | Research | Castle Age |
| 13:13 | Research | Castle Age |
| 13:24 | Build | Farm |
| 13:29 | Build | Mill |
| 13:40 | Build | Barracks |
| 14:12 | Build | Farm |
| 14:14 | Research | Double-Bit Axe |
| 14:15 | Research | Double-Bit Axe |
| 14:21 | Build | House |
| 14:22 | Build | House |
| 14:33 | Create | Villager (Male) |
| 14:33 | Create | Villager (Male) |
| 14:40 | Build | Archery Range |
| 14:59 | Build | Archery Range |
| 15:11 | Research | Horse Collar |
| 15:11 | Research | Horse Collar |
| 15:11 | Research | Horse Collar |
| 15:17 | Create | Villager (Male) |
| 15:17 | Create | Villager (Male) |
| 15:18 | Create | Villager (Male) |
| 15:22 | Build | House |
| 15:23 | Build | House |
| 15:27 | Build | House |
| 15:38 | Create | Villager (Male) |
| 15:38 | Create | Villager (Male) |
| 15:39 | Create | Villager (Male) |
| 15:42 | Research | Gold Mining |
| 15:42 | Research | Gold Mining |
| 15:46 | Create | Villager (Male) |
| 15:46 | Create | Villager (Male) |
| 15:46 | Create | Villager (Male) |
| 15:52 | Age | Castle Age |
| 15:54 | Create | Villager (Male) |
| 15:54 | Create | Villager (Male) |
| 15:55 | Create | Villager (Male) |
| 16:23 | Create | Villager (Male) |
| 16:29 | Build | University |
| 16:32 | Create | Villager (Male) |
| 16:33 | Create | Villager (Male) |
| 16:58 | Build | Siege Workshop |
| 17:00 | Create | Villager (Male) |
| 17:01 | Create | Villager (Male) |
| 17:05 | Research | Crossbowman (upgrade) |
| 17:06 | Research | Crossbowman (upgrade) |
| 17:08 | Create | Archer |
| 17:08 | Create | Archer |
| 17:09 | Create | Archer |
| 17:09 | Create | Archer |
| 17:17 | Create | Archer |
| 17:21 | Create | Archer |
| 17:22 | Create | Archer |
| 17:23 | Create | Villager (Male) |
| 17:24 | Create | Villager (Male) |
| 17:35 | Build | Farm |
| 17:36 | Build | Farm |
| 17:37 | Create | Villager (Male) |
| 17:38 | Create | Villager (Male) |
| 17:38 | Create | Villager (Male) |
| 17:41 | Create | Archer |
| 17:41 | Create | Archer |
| 17:48 | Build | House |
| 17:56 | Create | Archer |
| 17:57 | Create | Archer |
Build order — piecardinap
First 150 of 508 actions detected
| 0:02 | Create | Villager (Male) |
| 0:02 | Create | Villager (Male) |
| 0:04 | Build | House |
| 0:06 | Build | House |
| 0:20 | Create | Villager (Male) |
| 0:20 | Create | Villager (Male) |
| 1:26 | Create | Villager (Male) |
| 1:27 | Create | Villager (Male) |
| 2:05 | Create | Villager (Male) |
| 2:06 | Create | Villager (Male) |
| 2:06 | Create | Villager (Male) |
| 2:19 | Create | Villager (Male) |
| 2:20 | Create | Villager (Male) |
| 2:51 | Create | Villager (Male) |
| 2:51 | Create | Villager (Male) |
| 2:51 | Create | Villager (Male) |
| 3:03 | Build | House |
| 3:07 | Create | Villager (Male) |
| 3:07 | Create | Villager (Male) |
| 3:40 | Build | Dock |
| 3:42 | Create | Villager (Male) |
| 3:43 | Create | Villager (Male) |
| 4:01 | Create | Villager (Male) |
| 4:01 | Create | Villager (Male) |
| 4:20 | Create | Fishing Ship |
| 4:24 | Build | House |
| 4:29 | Create | Villager (Male) |
| 4:29 | Create | Villager (Male) |
| 4:29 | Create | Villager (Male) |
| 5:13 | Create | Villager (Male) |
| 5:13 | Create | Villager (Male) |
| 5:13 | Create | Villager (Male) |
| 5:20 | Build | Mill |
| 5:41 | Create | Villager (Male) |
| 5:41 | Create | Villager (Male) |
| 5:42 | Create | Villager (Male) |
| 6:00 | Create | Villager (Male) |
| 6:01 | Create | Villager (Male) |
| 6:01 | Create | Villager (Male) |
| 6:16 | Build | Lumber Camp |
| 6:29 | Research | Loom |
| 6:29 | Research | Loom |
| 6:29 | Research | Loom |
| 6:39 | Create | Villager (Male) |
| 6:39 | Create | Villager (Male) |
| 6:40 | Create | Villager (Male) |
| 7:04 | Create | Villager (Male) |
| 7:04 | Create | Villager (Male) |
| 7:04 | Create | Villager (Male) |
| 7:10 | Create | Fishing Ship |
| 7:10 | Create | Fishing Ship |
| 7:20 | Build | House |
| 7:22 | Build | House |
| 7:23 | Create | Villager (Male) |
| 7:24 | Create | Villager (Male) |
| 7:29 | Create | Villager (Male) |
| 7:30 | Create | Villager (Male) |
| 7:54 | Create | Fishing Ship |
| 7:55 | Create | Fishing Ship |
| 8:05 | Create | Villager (Male) |
| 8:05 | Create | Villager (Male) |
| 8:36 | Create | Villager (Male) |
| 8:37 | Create | Villager (Male) |
| 8:43 | Create | Fishing Ship |
| 8:43 | Create | Fishing Ship |
| 8:43 | Create | Fishing Ship |
| 8:44 | Create | Villager (Male) |
| 8:44 | Create | Villager (Male) |
| 8:45 | Create | Villager (Male) |
| 8:46 | Build | House |
| 9:40 | Create | Villager (Male) |
| 9:40 | Create | Villager (Male) |
| 9:53 | Create | Fishing Ship |
| 10:28 | Build | Mining Camp |
| 10:52 | Research | Feudal Age |
| 10:52 | Research | Feudal Age |
| 10:52 | Research | Feudal Age |
| 11:45 | Build | Mining Camp |
| 13:02 | Age | Feudal Age |
| 13:04 | Build | Fish Trap |
| 13:09 | Research | Horse Collar |
| 13:09 | Research | Horse Collar |
| 13:10 | Create | Villager (Male) |
| 13:10 | Create | Villager (Male) |
| 13:18 | Build | Fish Trap |
| 13:23 | Build | Fish Trap |
| 13:28 | Build | Fish Trap |
| 13:33 | Build | Fish Trap |
| 13:41 | Build | Farm |
| 13:42 | Build | Farm |
| 13:45 | Build | Farm |
| 13:59 | Research | Double-Bit Axe |
| 14:00 | Research | Double-Bit Axe |
| 14:11 | Build | Farm |
| 14:20 | Build | Farm |
| 14:35 | Research | Castle Age |
| 14:36 | Research | Castle Age |
| 15:00 | Build | Farm |
| 15:18 | Build | Stable |
| 15:32 | Build | Farm |
| 15:32 | Build | Farm |
| 15:47 | Research | Gold Mining |
| 15:55 | Create | Fishing Ship |
| 16:14 | Build | House |
| 16:44 | Build | Fish Trap |
| 17:07 | Create | Fishing Ship |
| 17:14 | Create | Villager (Male) |
| 17:14 | Create | Villager (Male) |
| 17:15 | Age | Castle Age |
| 17:20 | Create | Knight ×4 |
| 17:42 | Research | Bloodlines |
| 17:50 | Build | Town Center |
| 18:05 | Build | Fish Trap |
| 18:17 | Create | Villager (Male) |
| 18:17 | Create | Villager (Male) |
| 18:19 | Create | Villager (Male) |
| 18:29 | Create | Villager (Male) |
| 18:37 | Research | Wheelbarrow |
| 19:03 | Create | Knight |
| 19:04 | Create | Knight |
| 19:24 | Build | Town Center |
| 19:38 | Create | Villager (Male) |
| 19:38 | Create | Villager (Male) |
| 20:15 | Create | Villager (Male) |
| 20:17 | Create | Villager (Male) |
| 20:33 | Create | Knight |
| 20:43 | Build | Blacksmith |
| 20:46 | Create | Villager (Male) |
| 20:47 | Create | Villager (Male) |
| 20:47 | Create | Villager (Male) |
| 20:48 | Create | Villager (Male) |
| 20:49 | Create | Villager (Male) |
| 20:57 | Build | Farm |
| 20:58 | Build | Farm |
| 21:00 | Build | Farm |
| 21:00 | Build | Farm |
| 21:02 | Create | Villager (Male) |
| 21:03 | Create | Villager (Male) |
| 21:04 | Create | Villager (Male) |
| 21:07 | Create | Villager (Male) |
| 21:23 | Create | Knight |
| 21:24 | Create | Knight |
| 22:17 | Research | Scale Barding Armor |
| 22:18 | Research | Scale Barding Armor |
| 22:38 | Create | Villager (Male) |
| 22:39 | Create | Villager (Male) |
| 22:42 | Build | House |
| 22:43 | Build | House |
| 22:43 | Build | House |
| 22:59 | Create | Villager (Male) |
Match timeline
| 0:53 | NeoBart · wall_segment Palisade Wall x14 |
| 0:58 | Pobra · wall_segment Palisade Wall x7 |
| 1:04 | NeoBart · wall_segment Palisade Wall x7 |
| 2:10 | NeoBart · wall_segment Palisade Wall x16 |
| 2:25 | NeoBart · wall_segment Palisade Wall x6 |
| 2:48 | CeramicHunter · wall_segment Palisade Wall x7 |
| 3:24 | Incitatusaoe · wall_segment Palisade Wall x6 |
| 3:40 | piecardinap · first_building Dock |
| 3:53 | mryendl2410 · wall_segment Palisade Wall x15 |
| 4:55 | CeramicHunter · first_building Dock |
| 5:04 | Branoc · first_building Dock |
| 5:23 | PocaChota · wall_segment Palisade Wall x5 |
| 5:25 | PocaChota · wall_segment Palisade Wall x1 |
| 5:28 | PocaChota · wall_segment Palisade Wall x4 |
| 5:44 | Branoc · wall_segment Palisade Wall x8 |
| 5:55 | mryendl2410 · wall_segment Palisade Wall x1 |
| 5:56 | mryendl2410 · wall_segment Palisade Wall x1 |
| 6:05 | Incitatusaoe · first_building Dock |
| 7:41 | PocaChota · first_building Barracks |
| 8:36 | Branoc · wall_segment Palisade Wall x9 |
| 9:33 | PocaChota · age_up feudal |
| 10:06 | Branoc · wall_segment Palisade Wall x5 |
| 10:52 | Pobra · wall_segment Palisade Wall x7 |
| 11:15 | CeramicHunter · first_building Barracks |
| 11:21 | Branoc · wall_segment Palisade Wall x6 |
| 11:23 | mryendl2410 · age_up feudal |
| 11:29 | Branoc · age_up feudal |
| 11:43 | Incitatusaoe · age_up feudal |
| 11:50 | CeramicHunter · age_up feudal |
| 11:50 | PocaChota · first_building Archery Range |
| 11:54 | PocaChota · wall_segment Stone Wall x1 |
| 11:54 | PocaChota · wall_segment Stone Wall x1 |
| 12:10 | CeramicHunter · first_building Stable |
| 12:22 | Pobra · age_up feudal |
| 12:27 | CeramicHunter · wall_segment Palisade Wall x6 |
| 12:28 | Branoc · wall_segment Stone Wall x4 |
| 12:29 | Branoc · wall_segment Stone Wall x1 |
| 12:32 | Branoc · wall_segment Stone Wall x1 |
| 12:35 | Incitatusaoe · wall_segment Stone Wall x3 |
| 12:51 | mryendl2410 · wall_segment Palisade Wall x3 |
| 12:55 | CeramicHunter · wall_segment Palisade Wall x1 |
| 12:56 | CeramicHunter · wall_segment Palisade Wall x1 |
| 13:02 | piecardinap · age_up feudal |
| 13:06 | Pobra · wall_segment Stone Wall x3 |
| 13:07 | PocaChota · wall_segment Stone Wall x1 |
| 13:09 | NeoBart · age_up feudal |
| 13:29 | Incitatusaoe · first_market_sell 500 wood |
| 13:40 | mryendl2410 · first_building Barracks |
| 13:57 | Branoc · wall_segment Stone Wall x4 |
| 14:00 | Branoc · wall_segment Stone Wall x8 |
| 14:22 | Pobra · wall_segment Stone Wall x4 |
| 14:40 | mryendl2410 · first_building Archery Range |
| 14:41 | Pobra · wall_segment Stone Wall x3 |
| 14:46 | NeoBart · first_building Dock |
| 15:18 | piecardinap · first_building Stable |
| 15:24 | CeramicHunter · age_up castle |
| 15:30 | Incitatusaoe · first_building Barracks |
| 15:33 | Incitatusaoe · wall_segment Palisade Wall x1 |
| 15:48 | Branoc · age_up castle |
| 15:52 | mryendl2410 · age_up castle |
| 15:55 | Branoc · first_building Siege Workshop |
| 16:45 | Incitatusaoe · wall_segment Stone Wall x8 |
| 16:58 | Branoc · first_market_buy 100 wood |
| 16:58 | PocaChota · wall_segment Stone Wall x1 |
| 16:58 | mryendl2410 · first_building Siege Workshop |
| 17:01 | PocaChota · wall_segment Stone Wall x1 |
| 17:02 | Branoc · first_building Monastery |
| 17:03 | PocaChota · wall_segment Stone Wall x1 |
| 17:04 | NeoBart · age_up castle |
| 17:07 | PocaChota · wall_segment Stone Wall x1 |
| 17:15 | piecardinap · age_up castle |
| 17:38 | PocaChota · first_building Dock |
| 17:39 | Pobra · wall_segment Stone Wall x4 |
| 17:59 | Incitatusaoe · age_up castle |
| 19:05 | Incitatusaoe · wall_segment Stone Wall x8 |
| 19:20 | Incitatusaoe · wall_segment Stone Wall x1 |
| 19:54 | NeoBart · wall_segment Stone Wall x10 |
| 20:05 | CeramicHunter · first_building Siege Workshop |
| 20:13 | NeoBart · first_building Siege Workshop |
| 20:22 | NeoBart · wall_segment Stone Wall x5 |
| 20:31 | NeoBart · wall_segment Stone Wall x5 |
| 20:31 | CeramicHunter · first_building Monastery |
| 20:38 | NeoBart · wall_segment Stone Wall x3 |
| 20:55 | NeoBart · first_market_buy 100 stone |
| 22:04 | NeoBart · first_market_sell 100 food |
| 22:16 | NeoBart · first_building Monastery |
| 22:34 | Incitatusaoe · wall_segment Stone Wall x16 |
| 22:40 | Incitatusaoe · first_building Stable |
| 23:24 | CeramicHunter · first_building Castle |
| 23:58 | Incitatusaoe · first_building Siege Workshop |
| 24:19 | Pobra · wall_segment Stone Wall x11 |
| 24:36 | Pobra · first_market_buy 100 food |
| 25:30 | piecardinap · first_building Monastery |
| 26:35 | NeoBart · wall_segment Stone Wall x5 |
| 26:55 | Pobra · wall_segment Stone Wall x3 |
| 27:09 | NeoBart · wall_segment Stone Wall x2 |
| 27:17 | Pobra · age_up castle |
| 27:22 | Pobra · first_building Castle |
| 27:52 | Branoc · first_building Castle |
| 28:00 | PocaChota · wall_segment Stone Wall x3 |
| 28:26 | PocaChota · wall_segment Stone Wall x1 |
| 28:30 | PocaChota · wall_segment Stone Wall x1 |
| 28:48 | PocaChota · wall_segment Stone Wall x1 |
| 29:21 | PocaChota · age_up castle |
| 29:30 | mryendl2410 · first_market_buy 100 food |
| 29:32 | mryendl2410 · first_market_sell 100 wood |
| 29:51 | Branoc · first_market_sell 100 food |
| 29:54 | Branoc · first_building Barracks |
| 30:19 | NeoBart · first_building Barracks |
| 30:43 | CeramicHunter · age_up imperial |
| 30:48 | piecardinap · first_market_sell 100 food |
| 30:53 | piecardinap · first_building Barracks |
| 31:07 | Branoc · age_up imperial |
| 31:53 | PocaChota · first_building Monastery |
| 32:04 | piecardinap · age_up imperial |
| 32:05 | PocaChota · wall_segment Stone Wall x15 |
| 32:10 | mryendl2410 · wall_segment Palisade Wall x1 |
| 32:11 | mryendl2410 · wall_segment Palisade Wall x1 |
| 32:13 | mryendl2410 · wall_segment Palisade Wall x1 |
| 32:15 | mryendl2410 · wall_segment Palisade Wall x1 |
| 32:26 | CeramicHunter · first_market_sell 100 wood |
| 32:48 | mryendl2410 · age_up imperial |
| 33:28 | piecardinap · first_building Castle |
| 33:55 | PocaChota · wall_segment Stone Wall x15 |
| 33:56 | Incitatusaoe · first_building Castle |
| 34:03 | NeoBart · first_building Castle |
| 34:48 | Pobra · wall_segment Stone Wall x11 |
| 35:08 | Incitatusaoe · first_building Monastery |
| 36:00 | Branoc · first_building Stable |
| 36:10 | PocaChota · first_building Castle |
| 37:51 | Pobra · wall_segment Stone Wall x1 |
| 38:14 | PocaChota · age_up imperial |
| 38:15 | PocaChota · wall_segment Stone Wall x6 |
| 38:18 | PocaChota · wall_segment Stone Wall x5 |
| 38:29 | PocaChota · wall_segment Stone Wall x1 |
| 38:30 | PocaChota · wall_segment Stone Wall x1 |
| 38:36 | CeramicHunter · tribute_sent a jugador 1 |
| 38:36 | CeramicHunter · tribute_sent a jugador 2 |
| 38:36 | CeramicHunter · tribute_sent a jugador 3 |
| 38:36 | CeramicHunter · tribute_sent a jugador 4 |
| 38:36 | CeramicHunter · tribute_sent a jugador 5 |
| 38:36 | CeramicHunter · tribute_sent a jugador 6 |
| 38:36 | CeramicHunter · tribute_sent a jugador 8 |
| 38:46 | Incitatusaoe · age_up imperial |
| 39:19 | Pobra · age_up imperial |
| 40:32 | Incitatusaoe · tribute_sent a jugador 1 |
| 40:32 | Incitatusaoe · tribute_sent a jugador 2 |
| 40:32 | Incitatusaoe · tribute_sent a jugador 4 |
| 40:32 | Incitatusaoe · tribute_sent a jugador 5 |
| 40:33 | Incitatusaoe · tribute_sent a jugador 6 |
| 40:33 | Incitatusaoe · tribute_sent a jugador 7 |
| 40:33 | Incitatusaoe · tribute_sent a jugador 8 |
| 40:34 | Pobra · first_market_sell 100 food |
| 40:59 | Incitatusaoe · tribute_sent a jugador 1 |
| 40:59 | Incitatusaoe · tribute_sent a jugador 2 |
| 40:59 | Incitatusaoe · tribute_sent a jugador 4 |
| 40:59 | Incitatusaoe · tribute_sent a jugador 5 |
| 40:59 | Incitatusaoe · tribute_sent a jugador 6 |
| 40:59 | Incitatusaoe · tribute_sent a jugador 7 |
| 40:59 | Incitatusaoe · tribute_sent a jugador 8 |
| 42:28 | Pobra · first_building Barracks |
| 42:49 | Incitatusaoe · tribute_sent a jugador 1 |
| 42:49 | Incitatusaoe · tribute_sent a jugador 2 |
| 42:49 | Incitatusaoe · tribute_sent a jugador 4 |
| 42:49 | Incitatusaoe · tribute_sent a jugador 5 |
| 42:49 | Incitatusaoe · tribute_sent a jugador 6 |
| 42:49 | Incitatusaoe · tribute_sent a jugador 7 |
| 42:49 | Incitatusaoe · tribute_sent a jugador 8 |
| 44:05 | NeoBart · age_up imperial |
| 45:14 | Incitatusaoe · wall_segment Palisade Wall x1 |
| 45:16 | Incitatusaoe · wall_segment Palisade Wall x1 |
| 45:20 | Incitatusaoe · wall_segment Palisade Wall x1 |
| 45:22 | Incitatusaoe · wall_segment Palisade Wall x1 |
| 45:24 | Incitatusaoe · wall_segment Palisade Wall x1 |
| 45:25 | Incitatusaoe · wall_segment Palisade Wall x1 |
| 46:48 | PocaChota · first_building Siege Workshop |
| 46:49 | CeramicHunter · tribute_sent a jugador 1 |
| 46:49 | CeramicHunter · tribute_sent a jugador 2 |
| 46:49 | CeramicHunter · tribute_sent a jugador 3 |
| 46:49 | CeramicHunter · tribute_sent a jugador 4 |
| 46:50 | CeramicHunter · tribute_sent a jugador 5 |
| 46:50 | CeramicHunter · tribute_sent a jugador 6 |
| 46:50 | CeramicHunter · tribute_sent a jugador 8 |
| 47:04 | mryendl2410 · first_building Castle |
| 51:34 | CeramicHunter · wall_segment Stone Wall x10 |
| 52:22 | PocaChota · first_market_sell 500 food |
| 52:33 | CeramicHunter · wall_segment Stone Wall x8 |
| 52:35 | CeramicHunter · wall_segment Stone Wall x1 |
| 53:01 | CeramicHunter · wall_segment Stone Wall x6 |
| 53:27 | Incitatusaoe · first_building Archery Range |
| 57:12 | CeramicHunter · resign |
[ AI ANALYSIS · 1 CREDIT ]
What really happened in this match?
Wolo.gg analyzes every decision: build order, eco, micro, common mistakes by bracket. Personalized analysis on WhatsApp or Discord in 30 seconds.
Civ guide
Persians
Perfil
Jugador #3236763